 Dungeon Crawl Stone Soup version 0.31-a0-152-g6aa68a64a1 (webtiles) character file.

Game seed: 12290539494725099188

21914 comborobin the Markself (level 12, 0/68 HPs)
             Began as a Deep Elf Delver on June 10, 2023.
             Was a Priest of Cheibriados.
             Slain by a manticore (9 damage)
             ... on level 13 of the Dungeon.
             The game lasted 00:17:44 (12184 turns).

comborobin the Markself (Deep Elf Delver)          Turns: 12184, Time: 00:17:45

Health: 0/68       AC: 11    Str: 16    XL:     12   Next: 58%
Magic:  13/21      EV: 23    Int: 29    God:    Cheibriados [***...]
Gold:   679        SH:  0    Dex: 33    Spells: 18/21 levels left

rFire   . . .        b - +2 arbalest (flame)
rCold   . . .        (shield currently unavailable)
rNeg    . . .        j - +0 leather armour
rPois   .            I - +0 helmet
rElec   .            o - +2 cloak
rCorr   .            k - +2 pair of gloves
SInv    .            L - +0 pair of boots
Will    +++..        O - amulet of magic regeneration
Stlth   ++++         e - ring of willpower
HPRegen 0.31/turn    y - +6 ring of dexterity
MPRegen 0.57/turn

%: no passive effects
@: mighty, enlightened, flying, very slow
A: clever 1, deterioration 1
a: Renounce Religion, Bend Time, Temporal Distortion


You were on level 13 of the Dungeon.
You worshipped Cheibriados.
Cheibriados was most pleased with you.
You visited 3 branches of the dungeon, and saw 15 of its levels.

You collected 679 gold pieces.

Inventory:

Hand Weapons
 a - the +7 whip "Roah" {flame, Drain rCorr Int+2 Stlth+}
   (You took it off an orc on level 4 of the Dungeon)

   Int:       It affects your intelligence (+2).
   rCorr:     It protects you from acid and corrosion.
   Drain:     It drains your maximum health when unequipped.
   Stlth:     It makes you more stealthy.
 b - a +2 arbalest of flaming (weapon)
 d - a +0 broad axe
 l - the +4 sling of Kismet {drain, rF+ Str+3}
   (You found it on level 8 of the Dungeon)

   Str:       It affects your strength (+3).
   rF:        It protects you from fire.
 w - a +0 short sword of venom
 M - a +0 orcbow
Missiles
 N - 6 curare-tipped darts
Armour
 j - a +0 leather armour (worn)
 k - a +2 pair of gloves (worn)
 o - a +2 cloak (worn)
 x - an orb of wrath
 A - a +0 hat
 I - a +0 helmet (worn)
 L - a +0 pair of boots (worn)
Magical Staves
 m - a staff of cold
Jewellery
 e - a ring of willpower (left hand)
 p - a ring of resist corrosion
 s - an amulet of reflection
 u - a ring of wizardry
 y - a +6 ring of dexterity (right hand)
 D - a ring of protection from fire
 J - a +6 ring of strength
 O - an amulet of magic regeneration (around neck)
Wands
 i - a wand of polymorph (3)
 q - a wand of paralysis (6)
 z - a wand of flame (32)
 H - a wand of quicksilver (7)
Scrolls
 c - 3 scrolls of amnesia
 f - 2 scrolls of noise
 h - 10 scrolls of identify
 n - a scroll of fog
 r - 4 scrolls of magic mapping
 F - 2 scrolls of brand weapon
Potions
 t - a potion of attraction
 B - a potion of enlightenment
 C - 3 potions of mutation
 G - a potion of lignification {unknown}
 K - a potion of cancellation {unknown}


   Skills:
 - Level 5.0 Fighting
 - Level 2.0 Short Blades
 + Level 19.2 Ranged Weapons
 - Level 2.0 Armour
 - Level 10.0 Dodging
 - Level 6.0 Stealth
 - Level 5.0 Spellcasting
 - Level 5.0 Translocations
 - Level 10.0 Invocations


You had 18 spell levels left.
You knew the following spells:

 Your Spells              Type           Power      Damage    Failure   Level
n - Portal Projectile     Hex/Tloc       42%        N/A       9%          3

Your spell library contained the following spells:

 Spells                   Type           Power      Damage    Failure   Level
 Foxfire                  Conj/Fire      28%        2x1d5     8%          1
 Summon Small Mammal      Summ           28%        N/A       8%          1
 Cigotuvi's Dreadful Rot  Necr/Pois/Air  14%        N/A       12%         2
 Sublimation of Blood     Necr           7%         N/A       12%         2
 Call Canine Familiar     Summ           7%         N/A       22%         3
 Frozen Ramparts          Ice            14%        1d3       22%         3
 Ignite Poison            Fire/Tmut/Pois 7%         N/A       22%         3
 Summon Guardian Golem    Hex/Summ       7%         N/A       22%         3
 Tukima's Dance           Hex            7%         N/A       22%         3
 Ice Form                 Ice/Tmut       7%         N/A       58%         4
 Petrify                  Tmut/Erth      7%         N/A       58%         4
 Summon Ice Beast         Ice/Summ       7%         N/A       58%         4
 Blade Hands              Tmut           3%         N/A       91%         5
 Fireball                 Conj/Fire      3%         3d4       91%         5
 Freezing Cloud           Conj/Ice/Air   3%         6-21      91%         5
 Irradiate                Conj/Tmut      3%         3d12      91%         5
 Plasma Beam              Fire/Air       3%         2x1d13    100%        6
 Starburst                Conj/Fire      3%         6d3       100%        6


Dungeon Overview and Level Annotations

Branches:
Dungeon (13/15)            Temple (1/1) D:7            Lair (1/5) D:8
    Orc (0/2) D:10         Vaults (0/5) D:13

Altars:
Ashenzari
Cheibriados
Dithmenos
Elyvilon
Fedhas
Gozag
Hepliaklqana
Kikubaaqudgha
Makhleb
Nemelex Xobeh
Okawaru
Qazlal
Ru
Sif Muna
Trog
Uskayaw
Vehumet
Wu Jian
Xom
Yredelemnul
Zin
The Shining One

Shops:
D:2 [   D:7 *

Annotations:
D:5 Edmund
D:6 1 runed translucent door, Crazy Yiuf
D:9 exclusions: door and 1 more exclusion
D:13 exclusion: 4 doors


Innate Abilities, Weirdness & Mutations

Your mind is acute. (Int +4, Str/Dex -1)
Your body sometimes deteriorates upon taking damage.


Message History

* * * LOW HITPOINT WARNING * * *
Unknown command.
Unknown command.
Unknown command.
Okay, then.
Okay, then.
Okay, then.
Fire: b) +2 arbalest (flame)
Press: ? - help, Q - select action, (/) - cycle Shift-Dir - straight line, f - manticore
Aim: a manticore (almost dead, 81% to hit)
You shoot a bolt. The bolt hits the manticore.
The bolt burns the manticore.
The manticore is almost dead.
The manticore bites you but does no damage.
The manticore misses you. The manticore claws you!
* * * LOW HITPOINT WARNING * * *
A skeletal warrior comes into view. It is wielding a +0 short sword.
Unknown command.
Unknown command.
Fire: b) +2 arbalest (flame)
Press: ? - help, Q - select action, (/) - cycle Shift-Dir - straight line, f/p - manticore
Aim: a manticore (almost dead, 81% to hit)
You shoot a bolt.
The bolt completely misses the manticore.
The bolt barely misses the centaur warrior.
The bolt hits the howler monkey!
The bolt burns the howler monkey.
You kill the howler monkey!
Cheibriados appreciates the change of pace.
A two-headed ogre comes into view.
It is wielding a +0 giant spiked club and a +0 giant club.
The manticore closely misses you. The manticore completely misses you. x2
Unknown command.
Okay, then.
Okay, then.
Okay, then.
It was a potion of enlightenment.
You feel very buoyant.
You fly up into the air.
The sentinel's mark upon you fades away.
The manticore bites you!
You die...

### ##@# #### ##H##
####..#
####c##################
......#
#.)zK..................
.......
##D...........#........
......#
###z..###..##.<.#..###.##
......###zz#..#
#..##...#..# #.#
........c.O#..#
#.}##...#..# #.#
.........).#..#
#..##...#..# #.#


You could see a five-headed hydra, 4 skeletal warriors, a centaur warrior, a
two-headed ogre, a manticore and a kobold demonologist.

Vanquished Creatures
  An ironbound preserver (D:13)
  2 centaur warriors
  4 two-headed ogres
  3 tengu warriors
  Urug (D:13)
  2 manticores (D:11)
  2 cyclopes
  Joseph (D:8)
  3 gargoyles
  An unseen horror (D:11)
  Psyche (D:10)
  4 kobold demonologists
  A tengu conjurer (D:13)
  5 trolls
  A hornet (D:8)
  Grinder (D:6)
  Prince Ribbit (D:6)
  A water elemental (D:11)
  Sigmund (D:2)
  2 wraiths (D:11)
  A wyvern (D:9)
  A vampire (D:12)
  4 shadows
  13 yaks
  5 vampire mosquitoes
  An acid dragon (D:11)
  2 water moccasins (D:9)
  4 orc warriors
  An ice beast (D:6)
  A sky beast (D:8)
  4 black bears
  A tengu (D:9)
  An ogre (D:7)
  8 centaurs
  A phantom (D:6)
  4 bullfrogs
  2 gnoll sergeants
  2 kobold brigands (D:11)
  7 scorpions
  10 wights
  10 killer bees
  An electric eel (D:11)
  4 howler monkeys
  3 hounds
  6 orc priests
  2 sleepcaps
  4 gnoll boudas
  Terence (D:2)
  2 iguanas
  10 orc wizards
  7 adders
  15 gnolls
  2 white imps
  An ufetubus (D:5)
  4 worms
  3 dart slugs
  29 orcs
  8 bats
  6 endoplasms
  4 giant cockroaches
  7 goblins
  8 hobgoblins
  2 jackals (D:4)
  3 quokkas
  5 ball pythons
  5 frilled lizards
  10 kobolds
  5 rats
278 creatures vanquished.

Vanquished Creatures (others)
  An orc (D:10)
1 creature vanquished.

Grand Total: 279 creatures vanquished

Notes
Turn   | Place    | Note
-------+----------+-------------------------------------------
     0 | D:5      | comborobin the Deep Elf Delver began the quest for the Orb.
     0 | D:5      | Reached XP level 1. HP: 13/13 MP: 3/3
     1 | D:6      | Noticed an ice beast
    84 | D:4      | Reached skill level 1 in Ranged Weapons
   147 | D:4      | Noticed an orc priest
   259 | D:3      | Reached skill level 2 in Ranged Weapons
   268 | D:3      | Reached XP level 2. HP: 9/18 MP: 4/4
   321 | D:3      | Reached skill level 3 in Ranged Weapons
   630 | D:3      | Gained mutation: You sometimes lose your temper in combat.
                  | [potion of mutation]
   630 | D:3      | Gained mutation: Your body sometimes deteriorates upon
                  | taking damage. [potion of mutation]
   630 | D:3      | Gained mutation: You passively dampen the noise of your
                  | surroundings. [potion of mutation]
   630 | D:3      | Gained mutation: Your movements are slightly less
                  | encumbered by armour. (ER -2) [potion of mutation]
   741 | D:3      | Reached XP level 3. HP: 22/22 MP: 5/5
   753 | D:3      | Reached skill level 4 in Ranged Weapons
   923 | D:3      | Found a stormy altar of Qazlal.
   927 | D:3      | Found a basalt altar of Yredelemnul.
   932 | D:3      | Found a shadowy altar of Dithmenos.
  1043 | D:2      | Found Weem Zan's Armour Emporium.
  1126 | D:2      | Reached XP level 4. HP: 27/27 MP: 6/6
  1137 | D:2      | Reached skill level 5 in Ranged Weapons
  1285 | D:2      | Noticed Sigmund
  1309 | D:2      | Killed Sigmund
  1310 | D:2      | Reached skill level 7 in Ranged Weapons
  1310 | D:2      | Reached XP level 5. HP: 23/31 MP: 7/7
  1569 | D:2      | Noticed Terence
  1572 | D:2      | Killed Terence
  1573 | D:2      | Reached XP level 6. HP: 36/36 MP: 8/8
  2111 | D:1      | Reached skill level 8 in Ranged Weapons
  2232 | D:1      | Lost mutation: Your movements are slightly less encumbered
                  | by armour. (ER -2) [potion of mutation]
  2232 | D:1      | Lost mutation: You passively dampen the noise of your
                  | surroundings. [potion of mutation]
  2232 | D:1      | Lost mutation: You sometimes lose your temper in combat.
                  | [potion of mutation]
  2232 | D:1      | Gained mutation: Your mind is acute. (Int +4, Str/Dex -1)
                  | [potion of mutation]
  2308 | D:1      | Found a faded altar of an unknown god.
  2703 | D:4      | Identified the +7 whip "Roah" {flame, Drain rCorr Int+2
                  | Stlth+}
  2893 | D:4      | Reached skill level 9 in Ranged Weapons
  3267 | D:4      | Reached XP level 7. HP: 40/40 MP: 9/9
  3525 | D:5      | Reached skill level 10 in Ranged Weapons
  3896 | D:5      | Noticed Edmund
  4173 | D:6      | Noticed Grinder
  4223 | D:6      | Killed Grinder
  4224 | D:6      | Reached skill level 11 in Ranged Weapons
  4267 | D:6      | Reached skill level 12 in Ranged Weapons
  4267 | D:6      | Reached XP level 8. HP: 45/45 MP: 10/10
  4480 | D:6      | Reached skill level 13 in Ranged Weapons
  4570 | D:6      | Noticed Prince Ribbit
  4579 | D:6      | Killed Prince Ribbit
  4750 | D:6      | Reached skill level 14 in Ranged Weapons
  5189 | D:6      | Found a runed translucent door.
  5190 | D:6      | Noticed Crazy Yiuf
  5234 | D:7      | Reached XP level 9. HP: 49/49 MP: 11/11
  5239 | D:7      | Reached skill level 15 in Ranged Weapons
  5317 | D:7      | Found a staircase to the Ecumenical Temple.
  5333 | Temple   | Entered the Ecumenical Temple
  5340 | Temple   | Became a worshipper of Cheibriados the Contemplative
  5364 | D:7      | Found Utyov's General Store.
  5557 | D:7      | Reached skill level 1 in Invocations
  6299 | D:8      | Noticed Joseph
  6671 | D:8      | Identified the +4 sling of Kismet {drain, rF+ Str+3}
  6921 | D:7      | Reached * piety under Cheibriados
  6999 | D:8      | Reached skill level 5 in Dodging
  7021 | D:8      | Reached skill level 16 in Ranged Weapons
  7049 | D:8      | Reached skill level 5 in Invocations
  7107 | D:8      | Killed Joseph
  7108 | D:8      | Reached XP level 10. HP: 37/54 MP: 14/16
  7439 | D:8      | Found a staircase to the Lair.
  7501 | D:8      | Reached ** piety under Cheibriados
  7621 | D:9      | Learned a level 3 spell: Portal Projectile
  7649 | D:9      | Found a sparkling altar of Nemelex Xobeh.
  7867 | D:9      | Found a bloodstained altar of Trog.
  7869 | D:9      | Reached skill level 1 in Spellcasting
  7953 | D:9      | Reached skill level 1 in Translocations
  7995 | D:9      | Noticed a two-headed ogre
  8000 | D:9      | Killed a two-headed ogre
  8875 | Lair:1   | Entered Level 1 of the Lair of Beasts
  8888 | D:10     | Entered Level 10 of the Dungeon
  8904 | D:10     | Noticed a two-headed ogre
  8910 | D:10     | Killed a two-headed ogre
  8998 | D:10     | Noticed Psyche
  9182 | D:10     | Noticed a two-headed ogre
  9186 | D:10     | Killed a two-headed ogre
  9187 | D:10     | Reached XP level 11. HP: 60/60 MP: 14/19
  9227 | D:10     | Reached *** piety under Cheibriados
  9235 | D:10     | Reached skill level 17 in Ranged Weapons
  9308 | D:10     | Noticed a flayed ghost
  9312 | D:10     | Noticed a boulder beetle
  9313 | D:10     | Noticed a rakshasa
  9314 | D:10     | Noticed a centaur warrior
  9699 | D:10     | Killed Psyche
  9700 | D:10     | Reached skill level 5 in Spellcasting
  9801 | D:10     | Found a staircase to the Orcish Mines.
  9929 | D:11     | Reached **** piety under Cheibriados
  9963 | D:11     | Noticed a centaur warrior
  9966 | D:11     | Killed a centaur warrior
 10328 | D:11     | Reached skill level 5 in Translocations
 10328 | D:11     | Noticed a soul eater
 10404 | D:11     | Noticed a tengu warrior
 10417 | D:11     | Killed a tengu warrior
 10418 | D:11     | Reached skill level 1 in Armour
 10510 | D:11     | Reached ***** piety under Cheibriados
 10511 | D:11     | Reached skill level 5 in Fighting
 10735 | D:11     | Reached XP level 12. HP: 57/68 MP: 21/21
 10947 | D:12     | Noticed a two-headed ogre
 10977 | D:12     | Killed a two-headed ogre
 11039 | D:12     | Reached skill level 18 in Ranged Weapons
 11178 | D:12     | Found a blossoming altar of Fedhas.
 11762 | D:13     | Noticed a centaur warrior
 11774 | D:13     | Killed a centaur warrior
 11775 | D:13     | Reached skill level 10 in Dodging
 11875 | D:13     | Noticed Urug
 11883 | D:13     | Killed Urug
 11967 | D:13     | Noticed an ironbound preserver
 11978 | D:13     | Killed an ironbound preserver
 12060 | D:13     | Found a gate to the Vaults.
 12074 | D:13     | Noticed a five-headed hydra
 12158 | D:13     | Noticed a tengu warrior
 12160 | D:13     | Noticed a tengu warrior
 12165 | D:13     | Killed a tengu warrior
 12165 | D:13     | Killed a tengu warrior
 12166 | D:13     | Reached skill level 19 in Ranged Weapons
 12166 | D:13     | Reached skill level 10 in Invocations
 12171 | D:13     | Noticed a centaur warrior
 12183 | D:13     | Noticed a two-headed ogre
 12184 | D:13     | Slain by a manticore

Illustrated notes

Levels and vault maps discovered:
D:1:      giann_forest_graveyard, layout_rooms,
          hellmonk_ecumenical_altar_zigzags
D:2:      layout_loops_corners, serial_shops, nicolae_shop_window_shopping,
          uniq_terence, uniq_sigmund
D:3:      layout_basic, grunt_temple_overflow_diamond
D:4:      layout_basic
D:5:      layout_basic, uniq_edmund
D:6:      layout_loops_corners, uniq_crazy_yiuf_cottage, uniq_grinder,
          uniq_prince_ribbit1
D:7:      layout_cave_pools, minmay_temple_entry_enclosed_plants,
          serial_co_window_serial, co_window_paths_b, co_window_paths_a,
          co_window_corner_a, co_window_paths_a, co_window_of_opportunity_a,
          co_window_corner_a, co_window_paths_b, co_window_corner_a,
          co_window_paths_a, co_window_corner_ca, co_window_2corner,
          co_window_of_opportunity_b, co_window_2corner, co_window_2corner,
          co_window_2corner, co_window_corner_b, co_window_paths_d,
          glass_columns_a, serial_shops, shop, minmay_misc_feat_five,
          minmay_misc_feat_encased
D:8:      layout_cave_pools, lair_entry_dummy, uniq_joseph
D:9:      minmay_razor_zed, layout_rooms, kennysheep_mini, trog_butcher_becter
D:10:     layout_basic, orc_0_dummy, onia_ninara_dug_in_and_dangerous,
          uniq_psyche
D:11:     cheibrodos_barr_body, layout_basic
D:12:     layout_irregular_city, fedhas_altar_fruit_tree
D:13:     layout_long_grid, skrybe_vaults_entry_preservation,
          lemuel_flamethrower_3, uniq_urug, uniq_snorg
Temple:   sentei_temple_godly_chess
Lair:1:   layout_regular_city, uniq_amaemon

Skill      XL: |  1  2  3  4  5  6  7  8  9 10 11 12 |
---------------+-------------------------------------+-----
Ranged Weapons | 2 3 4 7 9 12 14 16 17 19 | 19.2
Invocations    | 5 6 8 10 | 10.0
Dodging        | 6 7 9 10 | 10.0
Spellcasting   | 4 5 |  5.0
Translocations | 3 5 |  5.0
Fighting       | 3 5 |  5.0
Armour         | 2 |  2.0
Short Blades   | |  2.0
Stealth        | |  6.0

Action                     |  1- 3 |  4- 6 |  7- 9 | 10-12 || total
---------------------------+-------+-------+-------+-------++-------
  Melee: Short sword       |     5 |     9 |       |       ||    14
         Arbalest          |       |     1 |       |       ||     1
         Unarmed           |       |       |    19 |     1 ||    20
   Fire: Arbalest          |    41 |   152 |   235 |   289 ||   717
   Cast: Portal Projectile |       |       |       |    13 ||    13
 Invoke: Slouch            |       |       |       |     4 ||     4
  Evoke: Wand              |     1 |       |     3 |     4 ||     8
    Use: Scroll            |     7 |     4 |     5 |     5 ||    21
         Potion            |     3 |     4 |     4 |     4 ||    15
 Armour: Leather armour    |     3 |    36 |    17 |    24 ||    80
         Skin              |       |       |     1 |       ||     1
  Dodge: Dodged            |    14 |    60 |    77 |   107 ||   258
  Block: Other             |       |       |       |     1 ||     1
         Reflection        |       |       |       |     1 ||     1

Table legend: (Time is in decaauts)
 A = Elapsed time spent in this place.
 B = Non-inter-level travel time spent in this place.
 C = Inter-level travel time spent in this place.
 D = Time resting spent in this place.
 E = Time spent auto-exploring this place.
 F = Levels seen in this place.
 G = Mean time per level.
                   A        B        C        D        E       F      G
               +--------+--------+--------+--------+--------+-----+--------+
         Total |  14653 |  13862 |    791 |   1857 |   9798 |  15 |  976.9 |
       Dungeon |  14639 |  13855 |    784 |   1857 |   9796 |  13 | 1126.1 |
        Temple |     12 |      5 |      7 |      0 |      2 |   1 |   12.0 |
          Lair |      1 |      1 |      0 |      0 |      0 |   1 |    1.0 |
               +--------+--------+--------+--------+--------+-----+--------+

Top non-repeatable levels by time:
     D:7: 2006 daAuts
     D:9: 1591 daAuts
    D:11: 1405 daAuts
    D:12: 1393 daAuts
    D:10: 1375 daAuts
     D:4: 1062 daAuts
     D:6: 1061 daAuts
     D:2: 1052 daAuts
     D:8: 851 daAuts
     D:3: 808 daAuts
     D:5: 765 daAuts
    D:13: 660 daAuts
     D:1: 605 daAuts
  Temple: 12 daAuts
  Lair:1: 1 daAuts
